AoeStats
← Boooonne Sawwww

Arabia

509562995Analyzed
1v1 RM · 6d ago on Sep 27, 2026· 46m 0s· 2 players
Game mode
Random Map
Map size
Tiny (2 player)
Population
200
Speed
Normal
Resources
Standard
Victory
Conquest
Starting age
Dark Age
Ending age
Imperial Age
RankedLock teamsTeams togetherTeam positionsShared explorationLock speedFull tech treeHidden civsTurbo modeCheats
Victory
Defeat
🇹🇼 Magyars · Taiwan
1134
+16
🇺🇸 Italians · United States
1144
-16
大川
6:27 Loom
8:54 Feudal Age
10:05 Double-Bit Axe
18:18 Fletching
21:41 Castle Age
21:06 Bloodlines
21:43 Scale Barding Armor
24:36 Chain Barding Armor
24:40 Horse Collar
29:35 Husbandry
30:11 Wheelbarrow
29:21 Town Watch
39:31 Town Patrol
42:21 Hand Cart
43:07 Hand Cart
45:17 Bodkin Arrow
Boooonne Sawwww
6:57 Loom
9:53 Feudal Age
11:02 Double-Bit Axe
20:33 Fletching
22:10 Scale Barding Armor
23:09 Bloodlines
26:16 Castle Age
25:04 Forging
25:09 Padded Archer Armor
Connection lost

Rejoining the realm…

Still unreachable

The connection could not be restored.

Session expired

The server has moved on; the page needs a fresh start.